Stars vs Flyers

Created - January 8, 2017 at 11:18

Goals
1 2 3 T
Stars 0 2 1 3
Flyers 0 2 0 2
Shots
1 2 3 T
Stars 2 11 12 25
Flyers 6 12 8 26

1st period

No Goal

Penalties :
Jonathan Ericsson (PHI) for Fighting (Major) at 2:58, Cody McLeod (DAL) for Fighting (Major) at 2:58, Cody McLeod (DAL) for instigated a fight (Game Misconduct) at 2:58

2nd period

1. Flyers , Jean-Gabriel Pageau 14 (Dan Boyle, Ben Hutton) at 2:49
2. Stars , John Mitchell 8 (Jason Demers, John Klingberg) at 5:48
3. Stars , Mike Richards 3 (John Mitchell, Evgeni Malkin) at 7:05
4. Flyers , Ryan Ellis 5 (Marcus Johansson, Calle Jarnkrok) at 17:39

Penalties :
Jonathan Ericsson (PHI) for Holding (Minor) at 11:43

3rd period

5. Stars , Sidney Crosby 18 (Zdeno Chara, John Klingberg) at 13:36

Penalties :
Alexander Killorn (PHI) for Elbowing (Minor) at 3:07, Ryan Ellis (PHI) for High sticking (Minor) at 12:02, Dainius Zubrus (DAL) for Holding (Minor) at 12:02

Goalie Stats

Jonathan Quick (DAL), 24 saves from 26 shots - (0.923), W, 21-16-1, 60:00 minutes
Devan Dubnyk (PHI), 22 saves from 25 shots - (0.880), L, 13-15-1, 59:47 minutes

Players Stats for Stars

Player Name              G  A  P  +/- PIM S  H  SB GA TA FO     MP     PP MP  PK MP  
------------------------------------------------------------------------------------
Adam Pardy               0  0  0   0  0   0  0  2  0  0  0/0    14:45   0:00   0:00 
Brad Malone              0  0  0   0  0   0  1  0  0  0  0/0     2:37   0:00   0:30 
Brandon Manning          0  0  0   0  0   0  1  0  0  0  0/0    14:45   0:00   0:00 
Cody McLeod              0  0  0   0  17  0  0  0  0  0  0/0     0:54   0:00   0:00 
Dainius Zubrus           0  0  0   0  2   0  0  0  0  0  0/0     3:03   0:00   0:00 
Duncan Keith             0  0  0  -1  0   0  1  2  0  0  0/0    24:43   1:50   1:10 
Evgeni Malkin            0  1  1   0  0   3  2  0  0  0  4/10   26:45   2:08   0:00 
Jason Demers             0  1  1   1  0   0  1  1  0  0  0/0    19:27   1:50   0:49 
John Klingberg           0  2  2   2  0   0  0  1  0  0  0/0    20:32   2:08   0:49 
John Mitchell            1  1  2   2  0   5  1  0  0  0  11/18  18:59   0:00   0:33 
Jonathan Huberdeau       0  0  0   0  0   1  1  0  0  0  0/0    16:48   1:50   0:00 
Mike Richards            1  0  1   2  0   3  1  0  0  0  1/1    18:26   0:00   0:00 
Nikita Kucherov          0  0  0   0  0   2  2  0  0  0  0/1    27:15   2:08   0:56 
Paul Byron               0  0  0  -1  0   0  0  0  0  0  0/0    18:13   1:50   0:00 
Paul Stastny             0  0  0  -1  0   3  0  0  0  0  9/16   21:19   1:50   0:47 
Sidney Crosby            1  0  1   0  0   5  2  0  0  0  12/28  22:53   2:08   1:12 
Tyler Gaudet             0  0  0   0  0   0  0  0  0  0  0/0     0:00   0:00   0:00 
Zdeno Chara              0  1  1   0  0   3  3  2  0  0  0/0    24:36   2:08   1:10 

Players Stats for Flyers

Player Name              G  A  P  +/- PIM S  H  SB GA TA FO     MP     PP MP  PK MP  
------------------------------------------------------------------------------------
Alexander Killorn        0  0  0   1  2   1  0  0  0  0  0/0    19:54   1:00   0:00 
Andre Burakovsky         0  0  0   1  0   4  0  0  0  0  2/2    18:55   0:59   0:00 
Andrew MacDonald         0  0  0   1  0   1  0  1  0  0  0/0    21:19   1:00   2:01 
Ben Hutton               0  1  1   0  0   0  0  1  0  0  0/0    19:28   0:00   0:42 
Brian Gionta             0  0  0   0  0   3  0  0  0  0  1/1    14:19   0:00   1:47 
Calle Jarnkrok           0  1  1  -2  0   1  0  0  0  0  11/23  19:53   0:00   1:47 
Casey Cizikas            0  0  0   0  0   1  0  0  0  0  6/17   14:16   0:00   2:11 
Chris VandeVelde         0  0  0   0  0   2  0  0  0  0  2/5     5:54   0:00   0:00 
Damon Severson           0  0  0  -3  0   0  0  1  0  0  0/0    19:23   0:59   0:00 
Dan Boyle                0  1  1   1  0   0  1  0  0  0  0/0    15:00   0:00   1:57 
Jean-Gabriel Pageau      1  0  1   1  0   4  4  0  0  0  14/25  18:57   0:59   0:00 
Joel Ward                0  0  0  -1  0   3  0  1  0  0  0/0    18:16   0:59   0:00 
Jonathan Ericsson        0  0  0  -2  7   0  0  1  0  0  0/0    17:40   0:00   0:47 
Marcus Johansson         0  1  1  -2  0   1  2  0  0  0  0/0    17:31   1:00   0:00 
Matt Hendricks           0  0  0   0  0   1  0  1  0  0  1/1     9:05   1:00   2:11 
Ryan Ellis               1  0  1   1  2   1  0  1  0  0  0/0    18:53   0:59   0:32 
Shawn Matthias           0  0  0   0  0   3  0  0  0  0  0/0    17:02   0:00   0:00 
Tom Gilbert              0  0  0   0  0   0  0  0  0  0  0/0     8:14   1:00   1:57 

3 Stars

1 - John Mitchell (DAL)
2 - Jean-Gabriel Pageau (PHI)
3 - Mike Richards (DAL)

Power Play

Stars - 0 on 2 Attempt(s) - 0.00%
Flyers - 0 on 1 Attempt(s) - 0.00%

Penalty Kill

Stars - 1 on 1 Attempt(s) - 100.00% - Score 0 goal in Penalty Kill
Flyers - 2 on 2 Attempt(s) - 100.00% - Score 0 goal in Penalty Kill

Team Stat

Stars - Hits : 16 - Faceoff Wins : 37 - Blocked Shots : 8 - Penalty Minutes : 19
Flyers - Hits : 7 - Faceoff Wins : 37 - Blocked Shots : 7 - Penalty Minutes : 11

Official

Referees : Mike Hasenfratz and Mike Leggo
Linesman : Brad Kovachik and Jay Sharrers

Game Notes

Jonathan Ericsson beats up Cody McLeod at 2:58 of 1st period
Cody McLeod ejected from game at 2:58 of 1st period
Cody McLeod from Stars is suspended for 6 game(s)

Finance

Level 1 -- Attendance: 5681 (87.40%) -- Ticket Income $579,462
Level 2 -- Attendance: 5000 (100.00%) -- Ticket Income $410,000
Level 3 -- Attendance: 3033 (86.66%) -- Ticket Income $139,518
Level 4 -- Attendance: 3159 (89.31%) -- Ticket Income $31,590
Luxury Box -- Attendance: 972 (97.20%) -- Ticket Income $201,204
Game was played at the Wells Fargo Center.
Total Attendance: 17845 (91.34%)
Total Ticket Income: $1,361,774
Other Income: $204,266
Total Income: $1,566,040

% Time on Ice - Stars

Lines # - Real PCT - Wanted PCT - Time Play
Normal Forward
1 - 27% - 37% - 14:11
2 - 31% - 33% - 16:23
3 - 35% - 15% - 18:26
4 - 6% - 15% - 3:04
Normal Defense
1 - 31% - 35% - 16:01
2 - 32% - 35% - 16:48
3 - 28% - 15% - 14:45
4 - 9% - 15% - 4:30
PP Forward
1 - 54% - 55% - 2:08
2 - 46% - 45% - 1:50
PP Defense
1 - 46% - 50% - 1:50
2 - 54% - 50% - 2:08
PK Forward
1 - 72% - 60% - 1:26
2 - 28% - 40% - 0:33
PK Defense
1 - 59% - 50% - 1:10
2 - 41% - 50% - 0:49
PK3 Forward
1 - 0% - 55%
2 - 0% - 45%
PK3 Defense
1 - 0% - 50%
2 - 0% - 50%
44 Forward
1 - 39% - 50% - 0:47
2 - 61% - 50% - 1:12
44 Defense
1 - 61% - 50% - 1:12
2 - 39% - 50% - 0:47
Last Minute Offensive  - 0:00
Last Minute Defensive  - 0:00
Total
Forward - 60:00
Defense - 60:00

% Time on Ice - Flyers

Lines # - Real PCT - Wanted PCT - Time Play
Normal Forward
1 - 32% - 32% - 16:21
2 - 33% - 32% - 17:17
3 - 23% - 24% - 12:05
4 - 11% - 12% - 5:54
Normal Defense
1 - 33% - 33% - 16:56
2 - 34% - 33% - 17:20
3 - 23% - 23% - 12:04
4 - 10% - 11% - 5:17
PP Forward
1 - 50% - 50% - 0:59
2 - 50% - 50% - 1:00
PP Defense
1 - 100% - 55% - 1:59
2 - 0% - 45% - 0:00
PK Forward
1 - 45% - 50% - 1:47
2 - 55% - 50% - 2:11
PK Defense
1 - 51% - 55% - 2:01
2 - 49% - 45% - 1:57
PK3 Forward
1 - 0% - 60%
2 - 0% - 40%
PK3 Defense
1 - 0% - 50%
2 - 0% - 50%
44 Forward
1 - 41% - 50% - 0:49
2 - 59% - 50% - 1:10
44 Defense
1 - 69% - 50% - 1:22
2 - 31% - 50% - 0:37
Last Minute Offensive  - 0:27
Last Minute Defensive  - 0:00
Total
Forward - 60:00
Defense - 60:00

Play by Play

1st period


0:01 of 1st period - Jean-Gabriel Pageau wins face-off versus Sidney Crosby in neutral zone.
0:41 of 1st period - Shot by Jonathan Huberdeau.
0:41 of 1st period - Shot Blocked by Andrew MacDonald.
1:15 of 1st period - Icing by Paul Stastny.
1:16 of 1st period - Paul Stastny wins face-off versus Casey Cizikas in Stars zone.
2:58 of 1st period - Jonathan Ericsson beats up Cody McLeod.
2:58 of 1st period - Penalty to Jonathan Ericsson for Fighting.
2:58 of 1st period - Penalty to Cody McLeod for Fighting.
2:58 of 1st period - Penalty to Cody McLeod for instigated a fight.
2:58 of 1st period - Cody McLeod is ejected from game.
2:59 of 1st period - Jean-Gabriel Pageau wins face-off versus Sidney Crosby in Flyers zone.
3:15 of 1st period - Duncan Keith is hit by Jean-Gabriel Pageau and loses puck.
4:41 of 1st period - Alexander Killorn is hit by Zdeno Chara and loses puck.
6:35 of 1st period - Icing by Evgeni Malkin.
6:36 of 1st period - Chris VandeVelde wins face-off versus Sidney Crosby in Stars zone.
6:47 of 1st period - Shot by Matt Hendricks.
6:47 of 1st period - Shot Blocked by Duncan Keith.
6:49 of 1st period - Shot by Matt Hendricks.
6:49 of 1st period - Shot Misses the Net.
6:51 of 1st period - Shot by Andrew MacDonald.
6:51 of 1st period - Stopped by Jonathan Quick without a rebound.
6:52 of 1st period - Mike Richards wins face-off versus Casey Cizikas in Stars zone.
7:20 of 1st period - Shot by Shawn Matthias.
7:20 of 1st period - Shot Blocked by Zdeno Chara.
8:32 of 1st period - Icing by Andrew MacDonald.
8:33 of 1st period - Sidney Crosby wins face-off versus Casey Cizikas in Flyers zone.
8:36 of 1st period - Shot by Evgeni Malkin.
8:36 of 1st period - Stopped by Devan Dubnyk with a rebound.
9:31 of 1st period - Icing by Adam Pardy.
9:32 of 1st period - Andre Burakovsky wins face-off versus Sidney Crosby in Stars zone.
9:33 of 1st period - Shot by Jean-Gabriel Pageau.
9:33 of 1st period - Shot Misses the Net.
9:52 of 1st period - Shot by Andre Burakovsky.
9:52 of 1st period - Stopped by Jonathan Quick without a rebound.
9:53 of 1st period - Matt Hendricks wins face-off versus Paul Stastny in Stars zone.
10:00 of 1st period - Shot by Matt Hendricks.
10:00 of 1st period - Shot Misses the Net.
10:18 of 1st period - Shot by Shawn Matthias.
10:18 of 1st period - Shot Blocked by Duncan Keith.
10:20 of 1st period - Shot by Ryan Ellis.
10:20 of 1st period - Shot Misses the Net.
10:22 of 1st period - Shot by Chris VandeVelde.
10:22 of 1st period - Deflect By Shawn Matthias.
10:22 of 1st period - Shot Misses the Net.
10:26 of 1st period - Shot by Matt Hendricks.
10:26 of 1st period - Stopped by Jonathan Quick with a rebound.
10:47 of 1st period - Icing by Ryan Ellis.
10:48 of 1st period - John Mitchell wins face-off versus Chris VandeVelde in Flyers zone.
11:25 of 1st period - Shot by John Mitchell.
11:25 of 1st period - Shot Misses the Net.
11:48 of 1st period - Icing by Zdeno Chara.
11:49 of 1st period - Paul Stastny wins face-off versus Jean-Gabriel Pageau in Stars zone.
12:30 of 1st period - Shot by Alexander Killorn.
12:30 of 1st period - Shot Misses the Net.
13:08 of 1st period - Shot by Calle Jarnkrok.
13:08 of 1st period - Shot Misses the Net.
13:12 of 1st period - Shot by Joel Ward.
13:12 of 1st period - Stopped by Jonathan Quick without a rebound.
13:13 of 1st period - Evgeni Malkin wins face-off versus Casey Cizikas in Stars zone.
13:22 of 1st period - Icing by Evgeni Malkin.
13:23 of 1st period - Evgeni Malkin wins face-off versus Jean-Gabriel Pageau in Stars zone.
13:54 of 1st period - Icing by Jean-Gabriel Pageau.
13:55 of 1st period - Jean-Gabriel Pageau wins face-off versus Sidney Crosby in Flyers zone.
15:32 of 1st period - Ben Hutton is hit by John Mitchell and loses puck.
15:57 of 1st period - Andrew MacDonald is hit by Nikita Kucherov and loses puck.
16:08 of 1st period - Brian Gionta is hit by Brad Malone and loses puck.
16:23 of 1st period - Shot by Brian Gionta.
16:23 of 1st period - Shot Misses the Net.
16:25 of 1st period - Shot by Shawn Matthias.
16:25 of 1st period - Stopped by Jonathan Quick without a rebound.
16:26 of 1st period - John Mitchell wins face-off versus Jean-Gabriel Pageau in Stars zone.
16:26 of 1st period - John Mitchell is hit by Jean-Gabriel Pageau.
16:39 of 1st period - Shot by Alexander Killorn.
16:39 of 1st period - Deflect By Andre Burakovsky.
16:39 of 1st period - Shot Blocked by Adam Pardy.
17:26 of 1st period - Shot by Jonathan Huberdeau.
17:26 of 1st period - Shot Misses the Net.
18:29 of 1st period - Shot by John Mitchell.
18:29 of 1st period - Stopped by Devan Dubnyk without a rebound.
18:30 of 1st period - Sidney Crosby wins face-off versus Jean-Gabriel Pageau in Flyers zone.
18:41 of 1st period - Shot by Jean-Gabriel Pageau.
18:41 of 1st period - Shot Misses the Net.
18:43 of 1st period - Shot by Jean-Gabriel Pageau.
18:43 of 1st period - Shot Misses the Net.
19:55 of 1st period - Shot by Marcus Johansson.
19:55 of 1st period - Stopped by Jonathan Quick with a rebound.
Goals for this period are 0 for Stars vs 0 for Flyers.
Shots for this period are 2 for Stars vs 6 for Flyers.

2nd period


0:01 of 2nd period - Jean-Gabriel Pageau wins face-off versus Sidney Crosby in neutral zone.
0:40 of 2nd period - Evgeni Malkin is hit by Dan Boyle and loses puck.
1:20 of 2nd period - Shot by Joel Ward.
1:20 of 2nd period - Stopped by Jonathan Quick without a rebound.
1:21 of 2nd period - John Mitchell wins face-off versus Casey Cizikas in Stars zone.
1:23 of 2nd period - Icing by Mike Richards.
1:24 of 2nd period - John Mitchell wins face-off versus Calle Jarnkrok in Stars zone.
1:24 of 2nd period - John Mitchell is hit by Marcus Johansson.
2:09 of 2nd period - Off-side.
2:10 of 2nd period - Brian Gionta wins face-off versus Sidney Crosby in neutral zone.
2:21 of 2nd period - Shot by Shawn Matthias.
2:21 of 2nd period - Stopped by Jonathan Quick without a rebound.
2:22 of 2nd period - Jean-Gabriel Pageau wins face-off versus Sidney Crosby in Stars zone.
2:23 of 2nd period - Shot by Alexander Killorn.
2:23 of 2nd period - Shot Misses the Net.
2:43 of 2nd period - Shot by Alexander Killorn.
2:43 of 2nd period - Shot Misses the Net.
2:45 of 2nd period - Shot by Ben Hutton.
2:45 of 2nd period - Deflect By Jean-Gabriel Pageau.
2:45 of 2nd period - Shot Misses the Net.
2:47 of 2nd period - Shot by Dan Boyle.
2:47 of 2nd period - Shot Blocked by John Klingberg.
2:49 of 2nd period - Shot by Jean-Gabriel Pageau.
2:49 of 2nd period - Goal by Jean-Gabriel Pageau - Stars : 0 - Flyers : 1.
2:50 of 2nd period - John Mitchell wins face-off versus Calle Jarnkrok in neutral zone.
2:55 of 2nd period - Shot by John Mitchell.
2:55 of 2nd period - Shot Blocked by Ryan Ellis.
2:57 of 2nd period - Shot by Duncan Keith.
2:57 of 2nd period - Shot Misses the Net.
3:05 of 2nd period - Shot by Zdeno Chara.
3:05 of 2nd period - Stopped by Devan Dubnyk with a rebound.
4:03 of 2nd period - Shot by Andre Burakovsky.
4:03 of 2nd period - Shot Misses the Net.
4:05 of 2nd period - Shot by Alexander Killorn.
4:05 of 2nd period - Shot Misses the Net.
4:11 of 2nd period - Shot by Jean-Gabriel Pageau.
4:11 of 2nd period - Shot Blocked by Jason Demers.
4:13 of 2nd period - Shot by Alexander Killorn.
4:13 of 2nd period - Deflect By Andre Burakovsky.
4:13 of 2nd period - Stopped by Jonathan Quick without a rebound.
4:14 of 2nd period - Sidney Crosby wins face-off versus Casey Cizikas in Stars zone.
4:57 of 2nd period - Tom Gilbert is hit by Jonathan Huberdeau and loses puck.
5:14 of 2nd period - Shot by Andre Burakovsky.
5:14 of 2nd period - Deflect By Jean-Gabriel Pageau.
5:14 of 2nd period - Stopped by Jonathan Quick without a rebound.
5:15 of 2nd period - Jean-Gabriel Pageau wins face-off versus Paul Stastny in Stars zone.
5:32 of 2nd period - Shot by Nikita Kucherov.
5:32 of 2nd period - Stopped by Devan Dubnyk without a rebound.
5:33 of 2nd period - John Mitchell wins face-off versus Calle Jarnkrok in Flyers zone.
5:40 of 2nd period - Shot by John Mitchell.
5:40 of 2nd period - Shot Misses the Net.
5:48 of 2nd period - Shot by John Mitchell.
5:48 of 2nd period - Goal by John Mitchell - Stars : 1 - Flyers : 1.
5:49 of 2nd period - Paul Stastny wins face-off versus Jean-Gabriel Pageau in neutral zone.
5:59 of 2nd period - Shot by Jean-Gabriel Pageau.
5:59 of 2nd period - Deflect By Andre Burakovsky.
5:59 of 2nd period - Shot Misses the Net.
6:48 of 2nd period - Icing by Calle Jarnkrok.
6:49 of 2nd period - Calle Jarnkrok wins face-off versus John Mitchell in Flyers zone.
6:49 of 2nd period - Calle Jarnkrok is hit by Mike Richards.
7:03 of 2nd period - Shot by John Mitchell.
7:03 of 2nd period - Shot Blocked by Joel Ward.
7:05 of 2nd period - Shot by Mike Richards.
7:05 of 2nd period - Goal by Mike Richards - Stars : 2 - Flyers : 1.
7:06 of 2nd period - Casey Cizikas wins face-off versus Sidney Crosby in neutral zone.
8:22 of 2nd period - Shot by John Mitchell.
8:22 of 2nd period - Stopped by Devan Dubnyk with a rebound.
10:30 of 2nd period - Icing by Duncan Keith.
10:31 of 2nd period - Sidney Crosby wins face-off versus Casey Cizikas in Stars zone.
11:17 of 2nd period - Shot by Mike Richards.
11:17 of 2nd period - Stopped by Devan Dubnyk without a rebound.
11:18 of 2nd period - Jean-Gabriel Pageau wins face-off versus Paul Stastny in Flyers zone.
11:43 of 2nd period - Minor Penalty to Jonathan Ericsson for Holding.
11:44 of 2nd period - Calle Jarnkrok wins face-off versus Sidney Crosby in Flyers zone.
12:22 of 2nd period - Icing by Evgeni Malkin.
12:23 of 2nd period - Sidney Crosby wins face-off versus Calle Jarnkrok in Stars zone.
12:27 of 2nd period - Icing by Evgeni Malkin.
12:28 of 2nd period - Calle Jarnkrok wins face-off versus Nikita Kucherov in Stars zone.
12:31 of 2nd period - Shot by Brian Gionta.
12:31 of 2nd period - Stopped by Jonathan Quick without a rebound.
12:32 of 2nd period - Paul Stastny wins face-off versus Calle Jarnkrok in Stars zone.
12:53 of 2nd period - Shot by Paul Stastny.
12:53 of 2nd period - Shot Blocked by Ben Hutton.
13:15 of 2nd period - Shot by Jonathan Huberdeau.
13:15 of 2nd period - Stopped by Devan Dubnyk without a rebound.
13:16 of 2nd period - Sidney Crosby wins face-off versus Casey Cizikas in Flyers zone.
13:50 of 2nd period - Shot by Mike Richards.
13:50 of 2nd period - Stopped by Devan Dubnyk without a rebound.
13:51 of 2nd period - John Mitchell wins face-off versus Jean-Gabriel Pageau in Flyers zone.
14:12 of 2nd period - Shot by Sidney Crosby.
14:12 of 2nd period - Stopped by Devan Dubnyk without a rebound.
14:13 of 2nd period - Paul Stastny wins face-off versus Calle Jarnkrok in Flyers zone.
14:27 of 2nd period - Icing by Paul Stastny.
14:28 of 2nd period - Casey Cizikas wins face-off versus Paul Stastny in Stars zone.
14:38 of 2nd period - Icing by Nikita Kucherov.
14:39 of 2nd period - Paul Stastny wins face-off versus Calle Jarnkrok in Stars zone.
14:50 of 2nd period - Shot by Paul Stastny.
14:50 of 2nd period - Shot Misses the Net.
14:52 of 2nd period - Shot by Paul Stastny.
14:52 of 2nd period - Stopped by Devan Dubnyk without a rebound.
14:53 of 2nd period - Sidney Crosby wins face-off versus Jean-Gabriel Pageau in Flyers zone.
15:02 of 2nd period - Shot by Jean-Gabriel Pageau.
15:02 of 2nd period - Stopped by Jonathan Quick with a rebound.
15:10 of 2nd period - Shot by Jean-Gabriel Pageau.
15:10 of 2nd period - Stopped by Jonathan Quick without a rebound.
15:11 of 2nd period - Calle Jarnkrok wins face-off versus Evgeni Malkin in Stars zone.
15:27 of 2nd period - Shot by Joel Ward.
15:27 of 2nd period - Shot Blocked by Zdeno Chara.
16:43 of 2nd period - Shot by Brian Gionta.
16:43 of 2nd period - Stopped by Jonathan Quick without a rebound.
16:44 of 2nd period - Jean-Gabriel Pageau wins face-off versus Sidney Crosby in Stars zone.
16:57 of 2nd period - Shot by Andre Burakovsky.
16:57 of 2nd period - Stopped by Jonathan Quick without a rebound.
16:58 of 2nd period - Calle Jarnkrok wins face-off versus Paul Stastny in Stars zone.
17:07 of 2nd period - Shot by Duncan Keith.
17:07 of 2nd period - Shot Misses the Net.
17:35 of 2nd period - Shot by Calle Jarnkrok.
17:35 of 2nd period - Shot Misses the Net.
17:37 of 2nd period - Shot by Marcus Johansson.
17:37 of 2nd period - Shot Misses the Net.
17:39 of 2nd period - Shot by Ryan Ellis.
17:39 of 2nd period - Goal by Ryan Ellis - Stars : 2 - Flyers : 2.
17:40 of 2nd period - Jean-Gabriel Pageau wins face-off versus John Mitchell in neutral zone.
18:08 of 2nd period - Shot by Evgeni Malkin.
18:08 of 2nd period - Shot Blocked by Jonathan Ericsson.
18:55 of 2nd period - Shot by Chris VandeVelde.
18:55 of 2nd period - Stopped by Jonathan Quick without a rebound.
18:56 of 2nd period - Calle Jarnkrok wins face-off versus Paul Stastny in Stars zone.
19:00 of 2nd period - Marcus Johansson is hit by Zdeno Chara and loses puck.
19:51 of 2nd period - Shot by Evgeni Malkin.
19:51 of 2nd period - Stopped by Devan Dubnyk without a rebound.
19:52 of 2nd period - Casey Cizikas wins face-off versus Sidney Crosby in Flyers zone.
Goals for this period are 2 for Stars vs 2 for Flyers.
Shots for this period are 11 for Stars vs 12 for Flyers.

3rd period


0:01 of 3rd period - Casey Cizikas wins face-off versus Evgeni Malkin in neutral zone.
0:20 of 3rd period - Shot by Shawn Matthias.
0:20 of 3rd period - Stopped by Jonathan Quick without a rebound.
0:21 of 3rd period - John Mitchell wins face-off versus Jean-Gabriel Pageau in Stars zone.
1:23 of 3rd period - Icing by Jonathan Ericsson.
1:24 of 3rd period - Paul Stastny wins face-off versus Chris VandeVelde in Flyers zone.
2:55 of 3rd period - Shot by Sidney Crosby.
2:55 of 3rd period - Stopped by Devan Dubnyk without a rebound.
2:56 of 3rd period - Jean-Gabriel Pageau wins face-off versus John Mitchell in Flyers zone.
2:58 of 3rd period - Icing by Alexander Killorn.
2:59 of 3rd period - Jean-Gabriel Pageau wins face-off versus John Mitchell in Flyers zone.
3:06 of 3rd period - John Mitchell is hit by Jean-Gabriel Pageau and loses puck.
3:07 of 3rd period - Minor Penalty to Alexander Killorn for Elbowing.
3:08 of 3rd period - Casey Cizikas wins face-off versus Paul Stastny in Flyers zone.
3:14 of 3rd period - Icing by Duncan Keith.
3:15 of 3rd period - Paul Stastny wins face-off versus Casey Cizikas in Stars zone.
3:47 of 3rd period - Icing by Jason Demers.
3:48 of 3rd period - Paul Stastny wins face-off versus Calle Jarnkrok in Stars zone.
4:23 of 3rd period - Shot by Nikita Kucherov.
4:23 of 3rd period - Shot Misses the Net.
4:25 of 3rd period - Shot by Zdeno Chara.
4:25 of 3rd period - Shot Blocked by Matt Hendricks.
4:27 of 3rd period - Shot by Zdeno Chara.
4:27 of 3rd period - Stopped by Devan Dubnyk without a rebound.
4:28 of 3rd period - Calle Jarnkrok wins face-off versus Sidney Crosby in Flyers zone.
4:43 of 3rd period - Shot by Sidney Crosby.
4:43 of 3rd period - Stopped by Devan Dubnyk with a rebound.
4:45 of 3rd period - Shot by Zdeno Chara.
4:45 of 3rd period - Stopped by Devan Dubnyk without a rebound.
4:46 of 3rd period - Sidney Crosby wins face-off versus Casey Cizikas in Flyers zone.
4:53 of 3rd period - Shot by John Klingberg.
4:53 of 3rd period - Shot Misses the Net.
5:11 of 3rd period - Shot by Evgeni Malkin.
5:11 of 3rd period - Deflect By John Mitchell.
5:11 of 3rd period - Shot Misses the Net.
5:13 of 3rd period - Shot by Adam Pardy.
5:13 of 3rd period - Shot Misses the Net.
5:15 of 3rd period - Shot by John Mitchell.
5:15 of 3rd period - Stopped by Devan Dubnyk without a rebound.
5:16 of 3rd period - John Mitchell wins face-off versus Jean-Gabriel Pageau in Flyers zone.
5:19 of 3rd period - Shot by Sidney Crosby.
5:19 of 3rd period - Shot Misses the Net.
5:29 of 3rd period - Shot by Alexander Killorn.
5:29 of 3rd period - Stopped by Jonathan Quick with a rebound.
5:31 of 3rd period - Shot by Jean-Gabriel Pageau.
5:31 of 3rd period - Shot Blocked by Adam Pardy.
5:43 of 3rd period - Icing by Adam Pardy.
5:44 of 3rd period - Sidney Crosby wins face-off versus Casey Cizikas in Stars zone.
6:00 of 3rd period - Shot by Casey Cizikas.
6:00 of 3rd period - Stopped by Jonathan Quick without a rebound.
6:01 of 3rd period - Evgeni Malkin wins face-off versus Calle Jarnkrok in Stars zone.
6:18 of 3rd period - Shot by Evgeni Malkin.
6:18 of 3rd period - Stopped by Devan Dubnyk with a rebound.
6:39 of 3rd period - Shot by Evgeni Malkin.
6:39 of 3rd period - Deflect By Nikita Kucherov.
6:39 of 3rd period - Stopped by Devan Dubnyk without a rebound.
6:40 of 3rd period - Casey Cizikas wins face-off versus John Mitchell in Flyers zone.
8:01 of 3rd period - Shot by Paul Stastny.
8:01 of 3rd period - Stopped by Devan Dubnyk without a rebound.
8:02 of 3rd period - Andre Burakovsky wins face-off versus Evgeni Malkin in Flyers zone.
8:25 of 3rd period - Shot by Nikita Kucherov.
8:25 of 3rd period - Shot Misses the Net.
8:30 of 3rd period - Icing by Jean-Gabriel Pageau.
8:31 of 3rd period - Jean-Gabriel Pageau wins face-off versus John Mitchell in Flyers zone.
8:36 of 3rd period - Shot by Andre Burakovsky.
8:36 of 3rd period - Stopped by Jonathan Quick without a rebound.
8:37 of 3rd period - Calle Jarnkrok wins face-off versus Sidney Crosby in Stars zone.
8:40 of 3rd period - Shot by Joel Ward.
8:40 of 3rd period - Stopped by Jonathan Quick without a rebound.
8:41 of 3rd period - Calle Jarnkrok wins face-off versus Sidney Crosby in Stars zone.
8:43 of 3rd period - Marcus Johansson is hit by Zdeno Chara.
9:09 of 3rd period - Calle Jarnkrok is hit by Sidney Crosby and loses puck.
9:22 of 3rd period - Shot by Sidney Crosby.
9:22 of 3rd period - Shot Misses the Net.
9:31 of 3rd period - Icing by Zdeno Chara.
9:32 of 3rd period - Jean-Gabriel Pageau wins face-off versus Sidney Crosby in Stars zone.
9:43 of 3rd period - Andrew MacDonald is hit by Sidney Crosby and loses puck.
10:03 of 3rd period - Alexander Killorn is hit by Jason Demers and loses puck.
10:36 of 3rd period - Shot by Shawn Matthias.
10:36 of 3rd period - Deflect By Casey Cizikas.
10:36 of 3rd period - Shot Misses the Net.
10:38 of 3rd period - Shot by Brian Gionta.
10:38 of 3rd period - Stopped by Jonathan Quick without a rebound.
10:39 of 3rd period - John Mitchell wins face-off versus Calle Jarnkrok in Stars zone.
10:39 of 3rd period - John Mitchell is hit by Marcus Johansson.
10:55 of 3rd period - Off-side.
10:56 of 3rd period - Chris VandeVelde wins face-off versus John Mitchell in neutral zone.
11:58 of 3rd period - Shot by Paul Stastny.
11:58 of 3rd period - Shot Misses the Net.
12:00 of 3rd period - Shot by Paul Stastny.
12:00 of 3rd period - Stopped by Devan Dubnyk without a rebound.
12:01 of 3rd period - Jean-Gabriel Pageau wins face-off versus Evgeni Malkin in Flyers zone.
12:01 of 3rd period - Jean-Gabriel Pageau is hit by Evgeni Malkin.
12:02 of 3rd period - Minor Penalty to Ryan Ellis for High sticking.
12:02 of 3rd period - Minor Penalty to Dainius Zubrus for Holding.
12:03 of 3rd period - Calle Jarnkrok wins face-off versus Evgeni Malkin in Flyers zone.
12:14 of 3rd period - Icing by Duncan Keith.
12:15 of 3rd period - Evgeni Malkin wins face-off versus Jean-Gabriel Pageau in Stars zone.
12:49 of 3rd period - Icing by Jonathan Ericsson.
12:50 of 3rd period - Sidney Crosby wins face-off versus Jean-Gabriel Pageau in Flyers zone.
13:34 of 3rd period - Shot by Sidney Crosby.
13:34 of 3rd period - Shot Blocked by Damon Severson.
13:36 of 3rd period - Shot by Sidney Crosby.
13:36 of 3rd period - Goal by Sidney Crosby - Stars : 3 - Flyers : 2.
13:37 of 3rd period - Calle Jarnkrok wins face-off versus Evgeni Malkin in neutral zone.
13:48 of 3rd period - Marcus Johansson is hit by Duncan Keith.
14:07 of 3rd period - Shot by John Mitchell.
14:07 of 3rd period - Stopped by Devan Dubnyk with a rebound.
15:46 of 3rd period - Andre Burakovsky is hit by Nikita Kucherov and loses puck.
16:28 of 3rd period - Off-side.
16:29 of 3rd period - Sidney Crosby wins face-off versus Chris VandeVelde in neutral zone.
16:37 of 3rd period - Shot by Chris VandeVelde.
16:37 of 3rd period - Stopped by Jonathan Quick without a rebound.
16:38 of 3rd period - Sidney Crosby wins face-off versus Calle Jarnkrok in Stars zone.
17:03 of 3rd period - Shot by Calle Jarnkrok.
17:03 of 3rd period - Stopped by Jonathan Quick with a rebound.
17:05 of 3rd period - Shot by Marcus Johansson.
17:05 of 3rd period - Shot Misses the Net.
17:13 of 3rd period - Calle Jarnkrok is hit by Evgeni Malkin and loses puck.
17:20 of 3rd period - Shot by Sidney Crosby.
17:20 of 3rd period - Stopped by Devan Dubnyk with a rebound.
18:02 of 3rd period - Duncan Keith is hit by Jean-Gabriel Pageau and loses puck.
18:53 of 3rd period - Icing by Adam Pardy.
18:54 of 3rd period - John Mitchell wins face-off versus Calle Jarnkrok in Stars zone.
19:12 of 3rd period - Marcus Johansson is hit by Brandon Manning.
19:47 of 3rd period - Flyers, Devan Dubnyk is pulled from the net.
Goals for this period are 1 for Stars vs 0 for Flyers.
Shots for this period are 12 for Stars vs 8 for Flyers.